cohdb
Replays
Latest Replays
All Replays
Popular Replays
Top Player Replays
Match Explorer
How It Works
Community
CoH3 Stats
Reddit
Sign in to upload your games and track your stats! →
Sign in with Steam
Match 47220129
Unlisted
Match 47220129
Overview
Messages
Build Orders
End
Panzergrenadier Squad
250 Light Carrier
Construct Light Support Kompanie
Panzerjäger Squad
Combat Half-tracks
Fire Support Elements
Flakvierling Half-track
Selects Battlefield Espionage Battlegroup
Selects Battlefield Espionage Battlegroup
Assault Mechanized Group
Selects Intel Disruption Beacon
Pak 38 Anti-tank Gun Team
2.5-tonne Medical Truck
Selects Plunder
Selects Disruption Operation
Disruption Operation
le.IG 18 Mechanized Group
Selects 250/3 Funkpanzerwagen
Vehicle Survival Package
Veteran Squad Leaders
Construct Panzerarmee Kommand
Disruption Operation
Walking Stuka Rocket Launcher
Pak 38 Anti-tank Gun Team
Disruption Operation
Assault Mechanized Group
Selects Advanced Ambush Training
Armored Reserves
Emergency Repair Kits
Abazur
[PD] [9C] [FT] Claudius Tacitus
Nico-Nico-Nii~~
Dsadow
Professional_Gamer
코카콜라제로
CiCRistoRyti
InDex
0
0
Comments
sign in to comment!
No comments posted yet!